 Dungeon Crawl Stone Soup version 0.17.1-2-g5865329 (webtiles) character file.

38 Metrazal the Sneak (level 3, 18/18 HPs)
             Began as a Spriggan Assassin on Feb 7, 2016.
             Quit the game on level 2 of the Dungeon.
             The game lasted 00:13:51 (972 turns).

Metrazal the Sneak (Spriggan Assassin)               Turns: 972, Time: 00:13:51

Health: 18/18      AC:  3    Str:  7    XL:     3   Next: 25%
Magic:  4/4        EV: 20    Int: 12    God:
Gold:   122        SH:  0    Dex: 18    Spells: 0 memorised, 2 levels left

rFire  x . .     SeeInvis +     b - +0 blowgun
rCold  + . .     Clarity  .     c - +0 robe
rNeg   . . .     SustAt   .     (shield restricted)
rPois  .         Gourm    .     (helmet restricted)
rElec  .         Spirit   .     d - +0 cloak
rCorr  .         Warding  .     (gloves unavailable)
rMut   .         Stasis   .     (boots unavailable)
MR     .....                    (no amulet)
Stlth  ++++......               (no ring)
                                j - ring of ice

@: very quick, not resistant to hostile enchantments, stealthy
A: unfitting armour, see invisible, herbivore 3, speed 3, slow metabolism 2
a: no special abilities


You were on level 2 of the Dungeon.
You were not hungry.

You visited 1 branch of the dungeon, and saw 2 of its levels.

You collected 122 gold pieces.

Inventory:

Hand Weapons
 a - a +2 dagger
 b - a +0 blowgun (weapon)
Missiles
 f - a poisoned needle (quivered)
 l - 11 silver sling bullets
 n - 5 needles of slowing
 o - 2 curare-tipped needles
 r - 25 stones
Armour
 c - a +0 robe (worn)
 d - a +0 cloak (worn)
Jewellery
 j - a ring of ice (left hand)
Scrolls
 e - 2 scrolls of identify {unknown}
 i - a scroll of fear {unknown}
 k - a scroll of enchant weapon {unknown}
 m - a scroll of random uselessness {unknown}
 s - a scroll of magic mapping {unknown}
Potions
 h - a potion of invisibility {unknown}
 p - a potion of curing {unknown}
 q - 2 potions of haste {unknown}
Comestibles
 g - 2 bread rations


   Skills:
 - Level 1.5 Fighting
 - Level 2.1 Short Blades
 - Level 2.0 Throwing
 + Level 4.8 Dodging
 - Level 5.8 Stealth


You had 2 spell levels left.
You didn't know any spells.

Dungeon Overview and Level Annotations

Branches:
Dungeon (2/15)

Altars:
The Shining One


Innate Abilities, Weirdness & Mutations

You are tiny and cannot use many weapons and most armour.
You have supernaturally acute eyesight.
You are a herbivore.
You cover ground extremely quickly.
You need consume almost no food.


Message History

You shoot a poisoned needle.
The helpless giant cockroach fails to defend itself.
The poisoned needle hits the giant cockroach in a vulnerable spot!
The giant cockroach is poisoned.
You feel very guilty. "You will pay for your transgression, mortal!"
Wield which item (- for none, * to show all)? (? for menu, Esc to quit)
a - a +2 dagger (weapon)
You kill the giant cockroach!
Wield which item (- for none, * to show all)? (? for menu, Esc to quit)
b - a +0 blowgun (weapon)
You now have 122 gold pieces (gained 16).
An adder comes into view.
Firing (i - inventory. (,) - cycle):
f - 2 poisoned needles (quivered)
Press: ? - help, Shift-Dir - straight line, f - adder
Aim: an adder (resting)
You shoot a poisoned needle.
The helpless adder fails to defend itself.
The poisoned needle hits the adder in a vulnerable spot!
The adder is poisoned.
You feel very guilty.
You have lost your religion!
Are you sure you want to abandon this character and quit the game? (Confirm with "yes".)

#.#.......#..#
##....._......##
#..#.....).#...#
##..#.......#...#
...##.....##...'
#[####.####...#
####.........†.###
.######....###.....#...#
(.S..(.@...........+...+
#######..........###...#
#.....#.#####.#######
#(###.#.# #+#....<. #
..#.# ......... .###.#
......... #. ..#
......... # ## ...######
). #


You could see an adder.

Vanquished Creatures
  A worm (D:2)
  2 giant geckos (D:1)
  6 bats
  8 goblins
  5 hobgoblins
  3 giant cockroaches
  2 giant newts
  2 jackals (D:2)
  A kobold (D:2)
  2 rats
32 creatures vanquished.

Notes
Turn   | Place    | Note
--------------------------------------------------------------
     0 | D:1      | Metrazal the Spriggan Assassin began the quest for the Orb.
     0 | D:1      | Reached XP level 1. HP: 10/10 MP: 2/2
   168 | D:1      | Reached XP level 2. HP: 11/14 MP: 3/3
   782 | D:2      | Reached XP level 3. HP: 18/18 MP: 4/4
   931 | D:2      | Found a glowing golden altar of the Shining One.
   949 | D:2      | Became a worshipper of the Shining One
   960 | D:2      | Was placed under penance by the Shining One
   971 | D:2      | Fell from the grace of the Shining One
   972 | D:2      | Quit the game

Action                   || total
-------------------------++-------
Melee: Dagger            ||    33
 Fire: Blowgun           ||    38
 Stab: Sleeping          ||    22
